 Dungeon Crawl Stone Soup version 0.20.0 (webtiles) character file.

355 ChaseSP the Digger (level 6, -2/32 HPs)
             Began as a Gargoyle Earth Elementalist on May 25, 2017.
             Killed by divine providence
             ... invoked by an orc priest
              (10 damage)
             ... on level 5 of the Dungeon.
             The game lasted 00:08:18 (3596 turns).

ChaseSP the Digger (Gargoyle Earth Elementalist)    Turns: 3596, Time: 00:08:19

Health: -2/32      AC:  8    Str: 11    XL:     6   Next: 63%
Magic:  8/9        EV: 11    Int: 18    God:
Gold:   162        SH:  0    Dex: 10    Spells: 5/9 levels left

rFire    . . .     SeeInvis .   u - +0 falchion
rCold    . . .     Gourm    .   (no shield)
rNeg     + . .     Faith    .   p - +0 leather armour
rPois    ∞         Spirit   .   (no helmet)
rElec    +         Reflect  .   (no cloak)
rCorr    .         Harm     .   k - +0 pair of gloves
MR       .....                  (no boots)
Stlth    ++........             (no amulet)
Regen    0.1/turn               (no ring)
MPRegen  0.2/turn               (no ring)

@: no status effects
A: negative energy resistance 1, electricity resistance, unbreathing,
petrification resistance, rot immunity, AC +4
a: no special abilities


You were on level 5 of the Dungeon.
You were not hungry.

You visited 2 branches of the dungeon, and saw 6 of its levels.

You collected 162 gold pieces.

Inventory:

Hand Weapons
 f - a +2 dagger of venom
 u - a +0 falchion (weapon)
Missiles
 b - 104 stones (quivered)
Armour
 k - a +0 pair of gloves (worn)
 m - +0 ice dragon scales
 p - a +0 leather armour (worn)
Jewellery
 B - an uncursed ring of ice {unknown}
Scrolls
 a - a scroll of fear
 g - a scroll of teleportation {unknown}
 j - a scroll of recharging
 n - 4 scrolls of remove curse
 q - a scroll of blinking {unknown}
 s - a scroll of vulnerability {unknown}
 t - 3 scrolls of enchant weapon
 y - 3 scrolls of magic mapping
 D - a scroll of noise {unknown}
Potions
 c - a potion of haste {unknown}
 h - 2 potions of mutation {unknown}
 i - 2 potions of lignification
 l - a potion of berserk rage
 r - a potion of brilliance {unknown}
 v - a potion of heal wounds {unknown}
 x - 3 potions of agility
 z - a potion of resistance {unknown}
 C - a potion of flight {unknown}
Books
 e - a book of Geomancy

   Spells                             Type                      Level
   a - Sandblast                      Earth                        1
   b - Passwall                       Transmutation/Earth          2
   c - Stone Arrow                    Conjuration/Earth            3
   d - Petrify                        Transmutation/Earth          4
   e - Lee's Rapid Deconstruction     Earth                        5
Comestibles
 d - 5 bread rations
 o - 2 royal jellies
 w - 2 meat rations
 A - 5 fruits


   Skills:
 - Level 0.2 Fighting
 - Level 0.5 Short Blades
 - Level 0.9 Armour
 - Level 1.7 Dodging
 - Level 3.0 Stealth
 - Level 0.6 Unarmed Combat
 - Level 2.2 Spellcasting
 + Level 2.7 Conjurations
   Level 0.7 Transmutations
 * Level 7.1 Earth Magic


You had 5 spell levels left.
You knew the following spells:

 Your Spells              Type           Power        Failure   Level  Hunger
a - Sandblast             Erth           ####..       1%          1    #......
b - Stone Arrow           Conj/Erth      ###...       9%          3    ###....


Dungeon Overview and Level Annotations

Branches:
Dungeon (5/15)             Temple (1/1) D:4

Altars:
Dithmenos
Elyvilon
Fedhas
Kikubaaqudgha
Okawaru
Qazlal
Ru
Xom
Yredelemnul
Zin
The Shining One


Innate Abilities, Weirdness & Mutations

You are resistant to torment.
Your stone body is resilient. (AC +4)
You are immune to poison.
You resist negative energy. (rN+)
You are resistant to electric shocks. (rElec)
You can survive without breathing.
You are immune to petrification.
You are immune to rotting.


Message History

The orc wizard shouts!
You hit the orc priest.
The orc priest is moderately wounded.
The orc priest mumbles some strange prayers to Beogh against you.
Beogh smites you!
* * * LOW HITPOINT WARNING * * *
The orc wizard casts a spell.
The orc wizard flickers and vanishes!
Deactivating autopickup; reactivate with Ctrl-A.
Casting: Sandblast
Confirm with . or Enter, or press ? or * to list all spells.
Aiming: Sandblast
Press: ? - help, Shift-Dir - straight line, f - orc priest
Aim: an orc priest (moderately wounded)
The blast of sand hits the orc priest.
The orc priest is heavily wounded.
b - 104 stones The orc priest calls down the wrath of Beogh upon you.
Beogh smites you!
You die...

#.###. ..
#.....###8
.#........#
..........######
###
##.............#
#.#
......?.....##)#
#.#.#
#....##.######.#
#.#..#
####....##
#.###.# ..#
##...@# #.....##
.. #.=...#o.#
####...###.#
....#####.#
##....... .##.
.########.####..
=
.{..............
#
##.........#####
######.#......
#..###....
#.####....


You could see an orc priest.

Vanquished Creatures
  A bullfrog zombie (D:4)
  An orc wizard (D:4)
  A bullfrog skeleton (D:4)
  3 worker ants (D:4)
  A worker ant zombie (D:5)
  10 adders
  4 worms
  3 dart slugs
  A leopard gecko (D:3)
  5 orcs
  7 giant cockroaches
  8 goblins
  7 hobgoblins
  2 jackals (D:4)
  5 kobolds
  A quokka (D:2)
  11 bats
  4 frilled lizards
  7 rats
82 creatures vanquished.

Notes
Turn   | Place    | Note
-------+----------+-------------------------------------------
     0 | D:1      | ChaseSP the Gargoyle Earth Elementalist began the quest for the Orb.
     0 | D:1      | Reached XP level 1. HP: 10/10 MP: 3/3
   157 | D:1      | Reached XP level 2. HP: 15/15 MP: 5/5
   201 | D:1      | Reached skill level 4 in Earth Magic
   844 | D:2      | Reached XP level 3. HP: 14/19 MP: 6/6
  1238 | D:2      | Learned a level 3 spell: Stone Arrow
  1290 | D:2      | Reached XP level 4. HP: 19/24 MP: 7/7
  1941 | D:3      | Reached skill level 5 in Earth Magic
  2198 | D:3      | Reached XP level 5. HP: 18/28 MP: 8/8
  2582 | D:4      | Reached skill level 1 in Conjurations
  2582 | D:4      | Reached skill level 6 in Earth Magic
  2717 | D:4      | Found a staircase to the Ecumenical Temple.
  2769 | Temple   | Entered the Ecumenical Temple
  2896 | D:4      | Reached XP level 6. HP: 15/32 MP: 9/9
  3514 | D:5      | Entered Level 5 of the Dungeon
  3532 | D:5      | Reached skill level 7 in Earth Magic
  3596 | D:5      | Killed from afar by an orc priest

Skill      XL: |  1  2  3  4  5  6 |
---------------+-------------------+-----
Earth Magic    | 4 5 6 7 |  7.1
Stealth        | 3 |  3.0
Conjurations   | 1 2 |  2.7
Fighting       | |  0.2
Short Blades   | |  0.5
Armour         | |  0.9
Dodging        | |  1.7
Unarmed Combat | |  0.6
Spellcasting   | |  2.2
Transmutations | |  0.7

Action                   |  1- 3 |  4- 6 || total
-------------------------+-------+-------++-------
Melee: Unarmed           |    11 |       ||    11
       Dagger            |    87 |   128 ||   215
       Falchion          |       |    75 ||    75
 Cast: Sandblast         |       |     3 ||     3
  Use: Scroll            |     3 |     5 ||     8
 Stab: Sleeping          |     6 |     7 ||    13
  Eat: Chunk             |     1 |     8 ||     9
Armor: Robe              |    16 |       ||    16
       Leather armour    |    17 |    77 ||    94
Dodge: Dodged            |    50 |   106 ||   156
       Rpst.: Falchion   |       |    15 ||    15
